AoeStats
← RDA Ronan

African Clearing

506564077Analyzed
4v4 RM · 18d ago on Sep 14, 2026· 48m 38s· 8 players
Game mode
Random Map
Map size
Large (8 player)
Population
200
Speed
Normal
Resources
Standard
Victory
Conquest
Starting age
Dark Age
Ending age
Imperial Age
RankedLock teamsTeams togetherTeam positionsShared explorationLock speedFull tech treeHidden civsTurbo modeCheats
Victory
Defeat
🇦🇷 Malians · Argentina
1194
+18
🇺🇸 Burgundians · United States
1194
+18
🇨🇱 Magyars · Chile
1190
+18
🇺🇸 Huns · United States
1190
+18
🇦🇷 Aztecs · Argentina
1341
-21
🇦🇷 Hindustanis · Argentina
1284
-20
🇦🇷 Mongols · Argentina
1236
-18
🇦🇷 Vietnamese · Argentina
1113
-13
JC_Guzmán
12:41 Feudal Age
12:46 Loom
13:17 Double-Bit Axe
15:29 Scale Barding Armor
16:49 Bloodlines
21:22 Castle Age
22:30 Chain Barding Armor
23:38 Horse Collar
24:21 Bow Saw
24:18 Husbandry
28:25 Town Watch
30:33 Corvinian Army
30:29 Stone Mining
30:29 Gold Mining
32:04 Town Patrol
33:52 Wheelbarrow
36:53 Imperial Age
35:58 Heavy Plow
36:14 Hand Cart
37:06 Gold Shaft Mining
37:03 Elite Magyar Huszar
38:03 Conscription
38:50 Two-Man Saw
38:49 Plate Barding Armor
39:03 Hoardings
41:34 Crop Rotation
42:16 Treadmill Crane
Kappa
4:16 Loom
12:05 Feudal Age
12:49 Double-Bit Axe
22:20 Castle Age
20:06 Horse Collar
21:19 Bloodlines
22:36 Scale Barding Armor
26:42 Chain Barding Armor
30:29 Wheelbarrow
35:21 Imperial Age
33:45 Forging
33:59 Scale Mail Armor
34:34 Bow Saw
37:26 Iron Casting
37:08 Chain Mail Armor
37:39 Squires
37:30 Elite Gbeto
39:43 Cavalier
41:11 Husbandry
41:18 Farimba
42:54 Plate Barding Armor
47:53 Town Watch
48:27 Hand Cart
CoorsBanquet258
8:22 Double-Bit Axe
8:31 Loom
10:27 Wheelbarrow
11:15 Horse Collar
15:01 Feudal Age
20:36 Castle Age
19:26 Scale Barding Armor
21:36 Chain Barding Armor
20:39 Cavalier
21:50 Husbandry
26:13 Forging
32:45 Hand Cart
33:43 Fletching
34:30 Iron Casting
Bensun
5:50 Loom
14:08 Feudal Age
17:38 Castle Age
15:55 Double-Bit Axe
16:30 Fletching
17:34 Gold Mining
18:19 Bodkin Arrow
18:44 Gold Mining
20:46 Padded Archer Armor
21:12 Husbandry
25:36 Wheelbarrow
30:43 Ballistics
31:28 Bloodlines
31:44 Stone Mining
34:38 Gold Shaft Mining
33:46 Horse Collar
35:55 Hand Cart
35:56 Leather Archer Armor
39:39 Imperial Age
37:41 Thumb Ring
41:02 Bracer
41:30 Parthian Tactics
40:25 Heavy Cavalry Archer
42:06 Chemistry
44:41 Masonry
46:05 Spies/Treason
RDA Valencho04
7:33 Loom
12:51 Feudal Age
14:22 Double-Bit Axe
21:28 Castle Age
23:39 Bow Saw
32:24 Forging
34:28 Scale Mail Armor
35:47 Horse Collar
Gianncrack
12:05 Loom
14:35 Feudal Age
19:26 Castle Age
17:34 Double-Bit Axe
18:01 Horse Collar
19:57 Wheelbarrow
19:17 Gold Mining
19:24 Gold Mining
20:22 Bow Saw
25:33 Heavy Plow
25:55 Scale Mail Armor
26:05 Forging
27:40 Squires
29:26 Chain Mail Armor
29:22 Forging
29:41 Eagle Warrior
33:22 Gold Shaft Mining
36:11 Imperial Age
35:15 Arson
36:21 Iron Casting
37:04 Elite Eagle Warrior
XEVER | Masa!
9:40 Loom
14:56 Feudal Age
19:32 Castle Age
19:53 Scale Barding Armor
20:01 Bloodlines
20:08 Double-Bit Axe
RDA Ronan
5:33 Loom
13:31 Feudal Age
14:26 Town Watch
14:46 Double-Bit Axe
17:35 Castle Age
24:13 Fletching
26:00 Bodkin Arrow
30:19 Gold Mining
Connection lost

Rejoining the realm…

Still unreachable

The connection could not be restored.

Session expired

The server has moved on; the page needs a fresh start.